 Dungeon Crawl Stone Soup version 0.31-a0-1388-g4b2ba238e7 (webtiles) character file.

Game seed: 13384253996293663080

30 hurricos the Trooper (level 3, -5/39 HPs)
             Began as an Oni Delver on Dec 24, 2023.
             Slain by an ogre
             ... wielding a +0 giant club
              (12 damage)
             ... on level 5 of the Dungeon.
             The game lasted 00:00:47 (192 turns).

hurricos the Trooper (Oni Delver)                    Turns: 192, Time: 00:00:48

Health: -5/39      AC:  3    Str: 18    XL:     3   Next: 18%
Magic:  3/3        EV:  9    Int: 11    God:
Gold:   0          SH:  0    Dex: 10    Spells: 2/2 levels left

rFire   . . .        a - +0 mace
rCold   . . .        (no shield)
rNeg    . . .        b - +0 robe
rPois   .            (helmet restricted)
rElec   .            (no cloak)
rCorr   .            (gloves unavailable)
SInv    .            (boots unavailable)
Will    .....        (no amulet)
Stlth   ++           (no ring)
HPRegen 0.26/turn    (no ring)
MPRegen 0.08/turn

%: no passive effects
@: hasted, very quick
A: large, unfitting armour, horns 1, tough skin 1, double potion healing,
drunken brawling
a: no special abilities


You were on level 5 of the Dungeon.
You visited 1 branch of the dungeon, and saw 2 of its levels.

Inventory:

Hand Weapons
 a - a +0 mace (weapon)
Armour
 b - a +0 robe (worn)
Wands
 g - a wand of digging (3)
Scrolls
 c - a scroll of fog
 d - a scroll of revelation
 e - a scroll of fear


   Skills:
 - Level 4.0 Fighting
 + Level 3.5 Maces & Flails
 - Level 1.7 Dodging
 - Level 3.7 Stealth


You had 2 spell levels left.
You didn't know any spells.
Your spell library was empty.

Dungeon Overview and Level Annotations

Branches:
Dungeon (6/15)
 Temple: D:4-7

Altars:

Shops:
D:5 ?


Innate Abilities, Weirdness & Mutations

You are too large for most types of armour.
You have a pair of small horns on your head.
You have tough skin. (AC +1)
You gain doubled healing and magic from potions.
Whenever you drink a healing potion, you attack all around you.


Message History

You have reached level 3!
Your experience leads to an increase in your attributes!
Increase (S)trength, (I)ntelligence, or (D)exterity?
You feel stronger. x3
You start resting.
HP restored.
You open the door.
A water moccasin comes into view.
The water moccasin hisses angrily.
A water moccasin is nearby!
You feel yourself speed up. The water moccasin bites you.
You are poisoned.
The water moccasin poisons you! The water moccasin bites you.
You are more poisoned.
The water moccasin poisons you!
You miss the water moccasin.
You feel very sick. The water moccasin bites you.
You feel sick.
You feel very sick.
The water moccasin attacks as it pursues you!
The water moccasin bites you but does no damage.
You feel sick.
You feel sick.
You feel sick.
You feel sick.
You feel sick.
The water moccasin attacks as it pursues you!
The water moccasin closely misses you.
You feel sick.
You feel sick.
You feel sick.
You feel sick.
You feel sick.
You feel sick.
You are no longer poisoned.
An ogre comes into view. It is wielding a +0 giant club.
The ogre shouts!
The ogre hits you with a +0 giant club!
You die...

# # # +# # .#
#################.#####
..............S.@O....+
#########.∩....##.#####
#......##.# #......##.#
#......##.# #......##.#
#......##.# ######.##.#
#....##


You could see a water moccasin and an ogre.

Vanquished Creatures
  A hound (D:5)
1 creature vanquished.

Notes
Turn   | Place    | Note
-------+----------+-------------------------------------------
     0 | D:5      | hurricos the Oni Delver began the quest for the Orb.
     0 | D:5      | Reached XP level 1. HP: 24/24 MP: 1/1
    33 | D:5      | Found Rehibaull's Magic Scroll Boutique.
    58 | D:5      | Noticed a hound
    76 | D:5      | Killed a hound
    77 | D:5      | Reached XP level 2. HP: 15/32 MP: 2/2
    77 | D:5      | Reached XP level 3. HP: 18/39 MP: 3/3
   170 | D:5      | Noticed a water moccasin
   188 | D:5      | Noticed an ogre
   192 | D:5      | Slain by an ogre

Illustrated notes

Levels and vault maps discovered:
D:5:      layout_basic, grunt_dithmenos_smoke,
          mainiacjoe_overflow_cross_hatched, serial_shops, shop
D:6:      layout_loops_corners, water_boxes_lemuel, uniq_blork_the_orc,
          uniq_duvessa

Skill      XL: |  1 |
---------------+----+-----
Maces & Flails | 3 |  3.5
Fighting       | |  4.0
Dodging        | |  1.7
Stealth        | |  3.7

Action                     || total
---------------------------++-------
  Melee: Mace              ||    10
    Use: Potion            ||     1
 Armour: Robe              ||    17
  Dodge: Dodged            ||     5

Table legend: (Time is in decaauts)
 A = Elapsed time spent in this place.
 B = Non-inter-level travel time spent in this place.
 C = Inter-level travel time spent in this place.
 D = Time resting spent in this place.
 E = Time spent auto-exploring this place.
 F = Levels seen in this place.
 G = Mean time per level.
                   A        B        C        D        E       F      G
               +--------+--------+--------+--------+--------+-----+--------+
         Total |    188 |    188 |      0 |     80 |      9 |   2 |   94.0 |
       Dungeon |    188 |    188 |      0 |     80 |      9 |   2 |   94.0 |
               +--------+--------+--------+--------+--------+-----+--------+

Top non-repeatable levels by time:
     D:5: 185 daAuts
     D:6: 3 daAuts
